 Dungeon Crawl Stone Soup version 0.27-a0-1555-g0e7b3fb1d2 (webtiles) character file.

Game seed: 18264054954607124758

112 blackman the Sneak (level 4, -5/38 HPs)
             Began as a Gnoll Wanderer on July 14, 2021.
             Killed by divine providence
             ... invoked by an orc priest
              (11 damage)
             ... on level 3 of the Dungeon.
             The game lasted 00:05:04 (3808 turns).

blackman the Sneak (Gnoll Wanderer)                 Turns: 3808, Time: 00:05:05

Health: -5/38      AC:  7    Str: 14    XL:     4   Next: 95%
Magic:  5/5        EV:  9    Int: 10    God:
Gold:   144        SH:  0    Dex: 11    Spells: 5/5 levels left

rFire    . . .     SeeInvis .   h - +0 mace
rCold    . . .     Faith    .   (no shield)
rNeg     . . .     Spirit   .   n - +0 scale mail
rPois    .         Reflect  .   (no helmet)
rElec    .         Harm     .   (no cloak)
rCorr    .         Rampage  .   p - +0 pair of gloves
Will     .....                  (no boots)
Stlth    ++........             (no amulet)
HPRegen  0.12/turn              (no ring)
MPRegen  0.09/turn              (no ring)

@: no status effects
A: fangs 1, strong nose, distributed training
a: no special abilities


You were on level 3 of the Dungeon.
You visited 1 branch of the dungeon, and saw 3 of its levels.

You collected 144 gold pieces.

Inventory:

Hand Weapons
 a - a +0 club
 c - a +0 dagger
 h - a +0 mace (weapon)
Armour
 b - a +0 robe
 e - a +0 ring mail
 n - a +0 scale mail (worn)
 p - a +0 pair of gloves (worn)
Scrolls
 f - a scroll of fear {unknown}
 g - a scroll of enchant weapon {unknown}
 i - a scroll of immolation {unknown}
 l - 2 scrolls of identify {unknown}
 m - a scroll of fog {unknown}
Potions
 d - a potion of attraction {unknown}
 j - a potion of heal wounds {unknown}
 k - a potion of degeneration {unknown}
 o - a potion of flight {unknown}


   Skills:
 + Level 4.7 Fighting
 + Level 1.2 Short Blades
 + Level 1.2 Long Blades
 + Level 1.2 Axes
 + Level 1.2 Maces & Flails
 + Level 1.2 Polearms
 + Level 1.2 Staves
 + Level 1.2 Slings
 + Level 1.2 Bows
 + Level 1.2 Crossbows
 + Level 1.2 Throwing
 + Level 1.2 Armour
 + Level 2.8 Dodging
 + Level 6.1 Stealth
 + Level 1.2 Shields
 + Level 1.2 Unarmed Combat
 + Level 1.2 Spellcasting
 + Level 1.0 Conjurations
 + Level 1.0 Hexes
 + Level 1.0 Summonings
 + Level 1.0 Necromancy
 + Level 1.0 Translocations
 + Level 2.3 Transmutations
 + Level 1.0 Fire Magic
 + Level 1.0 Ice Magic
 + Level 1.0 Air Magic
 + Level 3.9 Earth Magic
 + Level 1.0 Poison Magic
 + Level 1.4 Invocations
 + Level 2.8 Evocations


You had 5 spell levels left.
You didn't know any spells.
Your spell library contained the following spells:

 Spells                   Type           Power      Damage    Failure   Level
 Sandblast                Erth           16%        2d6       30%         1
 Passwall                 Tmut/Erth      5%         N/A       52%         2
 Sting                    Tmut/Pois      16%        1d3       58%         1
 Apportation              Tloc           4%         N/A       67%         1
 Poisonous Vapours        Pois/Air       4%         N/A       82%         2
 Stone Arrow              Conj/Erth      10%        3d7       85%         3
 Gell's Gravitas          Tloc           1%         N/A       96%         3
 Petrify                  Tmut/Erth      6%         N/A       99%         4
 Olgreb's Toxic Radiance  Pois           2%         N/A       100%        4


Dungeon Overview and Level Annotations

Branches:
Dungeon (3/15)

Altars:


Innate Abilities, Weirdness & Mutations

You have very sharp teeth.
Your uncanny sense of smell can sniff out nearby items.
Your experience applies equally to all skills.


Message History

You are too injured to fight recklessly!
You are too injured to fight recklessly!
The orc shouts!
You hit the orc priest.
The orc priest is moderately wounded.
The orc priest closely misses you.
You barely miss the orc priest.
The orc priest is moderately wounded.
The orc priest closely misses you.
You barely miss the orc. The orc closely misses you.
You hit the orc priest but do no damage.
The orc priest is moderately wounded.
The orc priest misses you. The orc hits you but does no damage.
The orc priest hits you but does no damage.
The orc hits you with a +0 mace.
You closely miss the orc. You hit the orc but do no damage.
The orc hits you with a +0 mace.
You hit the orc.
The orc is lightly wounded.
The orc closely misses you. The orc hits you with a +0 mace.
* * * LOW HITPOINT WARNING * * *
You hit the orc.
The orc is heavily wounded.
The orc hits you with a +0 mace.
* * * LOW HITPOINT WARNING * * *
You hit the orc.
The orc is severely wounded.
The orc hits you with a +0 mace.
* * * LOW HITPOINT WARNING * * *
You hit the orc.
You kill the orc!
The orc priest hits you but does no damage.
You hit the orc priest.
The orc priest is moderately wounded.
The orc priest hits you but does no damage.
You hit the orc priest.
The orc priest is severely wounded.
The orc priest calls down the wrath of Beogh upon you.
Beogh smites you!
You die...

##.#< ##.. ##.## ##.
##...## #. ##.....## #.
###.......# ##.
..........# #..
.#########.......# ###.#
.......@o.#.....####...#
.########.........)..###
#.#.#.#.####...#
#.....#.# ###.#
#.....#.# #.. .......#.#
### ..#.......#
####......## ######.#


You could see an orc priest.

Vanquished Creatures
  Jessica (D:2)
  An orc wizard (D:3)
  A worm (D:2)
  2 orcs (D:3)
  3 ball pythons
  8 endoplasms
  2 giant cockroaches
  5 goblins
  5 hobgoblins
  7 jackals
  7 bats
  3 frilled lizards
  5 kobolds
  4 rats
54 creatures vanquished.

Vanquished Creatures (others)
  9 fungi (D:1)
  3 plants (D:1)
  5 toadstools (D:1)
17 creatures vanquished.

Grand Total: 71 creatures vanquished

Notes
Turn   | Place    | Note
-------+----------+-------------------------------------------
     0 | D:1      | blackman the Gnoll Wanderer began the quest for the Orb.
     0 | D:1      | blackman set off with the following items: a +0 club, a +0
                  | robe, a +0 dagger; and the following spells available to
                  | memorise: Sandblast, Passwall, Apportation, Stone Arrow,
                  | Gell's Gravitas, Petrify
     0 | D:1      | Reached XP level 1. HP: 20/20 MP: 1/1
   507 | D:1      | Reached XP level 2. HP: 26/26 MP: 2/2
  1641 | D:2      | Reached XP level 3. HP: 27/31 MP: 3/3
  2007 | D:2      | Reached skill level 6 in Stealth
  2126 | D:2      | Reached skill level 1 in Invocations
  2248 | D:2      | Noticed Jessica
  2257 | D:2      | Killed Jessica
  2258 | D:2      | Reached skill level 1 in Short Blades
  2258 | D:2      | Reached skill level 1 in Long Blades
  2258 | D:2      | Reached skill level 1 in Axes
  2258 | D:2      | Reached skill level 1 in Maces & Flails
  2258 | D:2      | Reached skill level 1 in Polearms
  2258 | D:2      | Reached skill level 1 in Staves
  2258 | D:2      | Reached skill level 1 in Slings
  2258 | D:2      | Reached skill level 1 in Bows
  2258 | D:2      | Reached skill level 1 in Crossbows
  2258 | D:2      | Reached skill level 1 in Throwing
  2258 | D:2      | Reached skill level 1 in Armour
  2258 | D:2      | Reached skill level 1 in Shields
  2258 | D:2      | Reached skill level 1 in Unarmed Combat
  2258 | D:2      | Reached skill level 1 in Spellcasting
  2258 | D:2      | Reached XP level 4. HP: 24/38 MP: 5/5
  3384 | D:3      | Reached skill level 1 in Conjurations
  3384 | D:3      | Reached skill level 1 in Hexes
  3384 | D:3      | Reached skill level 1 in Summonings
  3384 | D:3      | Reached skill level 1 in Necromancy
  3384 | D:3      | Reached skill level 1 in Translocations
  3384 | D:3      | Reached skill level 1 in Fire Magic
  3384 | D:3      | Reached skill level 1 in Ice Magic
  3384 | D:3      | Reached skill level 1 in Air Magic
  3384 | D:3      | Reached skill level 1 in Poison Magic
  3808 | D:3      | Killed from afar by an orc priest

Illustrated notes

Levels and vault maps discovered:
D:1:      sevenhm_arrival_forest_fort_small_4, layout_loops_ring, serial_forest,
          infiniplex_forest_end_2, infiniplex_forest_lined_room_3,
          infiniplex_forest_end_2, infiniplex_forest_end_2,
          infiniplex_forest_lined_corner, infiniplex_forest_straight_4,
          minmay_gold_behind_fungi
D:2:      layout_basic, uniq_jessica
D:3:      layout_loops_ring, uniq_crazy_yiuf_cottage

Skill      XL: |  1  2  3  4 |
---------------+-------------+-----
Transmutations | 2 |  2.3
Stealth        | 6 |  6.1
Invocations    | 1 |  1.4
Short Blades   | 1 |  1.2
Long Blades    | 1 |  1.2
Axes           | 1 |  1.2
Maces & Flails | 1 |  1.2
Polearms       | 1 |  1.2
Staves         | 1 |  1.2
Slings         | 1 |  1.2
Bows           | 1 |  1.2
Crossbows      | 1 |  1.2
Throwing       | 1 |  1.2
Armour         | 1 |  1.2
Shields        | 1 |  1.2
Unarmed Combat | 1 |  1.2
Spellcasting   | 1 |  1.2
Conjurations   | 1 |  1.0
Hexes          | 1 |  1.0
Summonings     | 1 |  1.0
Necromancy     | 1 |  1.0
Translocations | 1 |  1.0
Fire Magic     | 1 |  1.0
Ice Magic      | 1 |  1.0
Air Magic      | 1 |  1.0
Poison Magic   | 1 |  1.0
Fighting       | |  4.7
Dodging        | |  2.8
Earth Magic    | |  3.9
Evocations     | |  2.8

Action                   |  1- 3 |  4- 6 || total
-------------------------+-------+-------++-------
Melee: Club              |    33 |       ||    33
       Bite              |     9 |     4 ||    13
       Mace              |    89 |    89 ||   178
       Punch             |       |     1 ||     1
 Stab: Sleeping          |    11 |     2 ||    13
       Distracted        |     1 |       ||     1
Armor: Ring mail         |    59 |       ||    59
       Robe              |     3 |       ||     3
       Scale mail        |     8 |    36 ||    44
Dodge: Dodged            |    67 |    46 ||   113

Table legend: (Time is in decaauts)
 A = Elapsed time spent in this place.
 B = Non-inter-level travel time spent in this place.
 C = Inter-level travel time spent in this place.
 D = Time resting spent in this place.
 E = Time spent auto-exploring this place.
 F = Levels seen in this place.
 G = Mean time per level.
                   A        B        C        D        E       F      G
               +--------+--------+--------+--------+--------+-----+--------+
         Total |   3894 |   3797 |     97 |   1071 |   2164 |   3 | 1298.0 |
       Dungeon |   3894 |   3797 |     97 |   1071 |   2164 |   3 | 1298.0 |
               +--------+--------+--------+--------+--------+-----+--------+

Top non-repeatable levels by time:
     D:2: 1728 daAuts
     D:1: 1649 daAuts
     D:3: 516 daAuts
